 Dungeon Crawl Stone Soup version 0.25-a0-565-g8875c97ebb (webtiles) character file.

Game seed: 4091079657013508579, levelgen mode: deterministic

583 Emblim88 the Ruffian (level 7, 0/66 HPs)
             Began as a Troll Transmuter on Feb 26, 2020.
             Was a Believer of Makhleb.
             Slain by Duvessa
             ... wielding a cursed +0 short sword
              (18 damage)
             ... on level 4 of the Dungeon.
             The game lasted 00:05:33 (2646 turns).

Emblim88 the Ruffian (Troll Transmuter)             Turns: 2646, Time: 00:05:34

Health: 0/66       AC:  6    Str: 19    XL:     7   Next: 14%
Magic:  7/7        EV:  9    Int: 11    God:    Makhleb [**....]
Gold:   232        SH:  0    Dex: 10    Spells: 2/8 levels left

rFire    . . .     SeeInvis .     - Unarmed
rCold    . . .     Gourm    +   (no shield)
rNeg     . . .     Faith    .   b - +0 robe
rPois    .         Spirit   .   (helmet restricted)
rElec    .         Reflect  .   (no cloak)
rCorr    .         Harm     +   (gloves unavailable)
MR       .....                  (boots unavailable)
Stlth    +.........             j - amulet of harm
HPRegen  0.61/turn              h - ring of ice
MPRegen  0.10/turn              p - ring of fire

@: drained
A: large, unfitting armour, claws 3, fast metabolism 3, gourmand, regeneration
1, shaggy fur 1, tough skin 3
a: Minor Destruction, Renounce Religion


You were on level 4 of the Dungeon.
You worshipped Makhleb.
Makhleb was pleased with you.
You were completely stuffed.

You visited 1 branch of the dungeon, and saw 4 of its levels.

You collected 232 gold pieces.

Inventory:

Missiles
 a - 28 arrows
 g - 269 stones (quivered)
 t - 3 boomerangs
Armour
 b - a +0 robe (worn)
Jewellery
 h - a ring of ice (left claw)
 j - an amulet of harm (around neck)
 p - a ring of fire (right claw)
Wands
 q - a wand of iceblast (9)
Scrolls
 e - 2 scrolls of teleportation {unknown}
 m - a scroll of enchant weapon {unknown}
 n - 3 scrolls of remove curse
 s - a scroll of amnesia
 u - a scroll of fog {unknown}
Potions
 c - a potion of flight
 k - 2 potions of curing
 l - a potion of lignification {unknown}
 o - a potion of magic {unknown}
Comestibles
 d - 8 rations


   Skills:
 + Level 2.9(2.2) Fighting
 + Level 0.3(0.0) Throwing
 - Level 1.5(0.8) Dodging
 + Level 4.5(3.7) Unarmed Combat
 - Level 1.2(0.5) Spellcasting
 * Level 4.0(3.2) Transmutations
 + Level 2.1(1.4) Invocations
 + Level 0.1(0.0) Evocations


You had 2 spell levels left.
You knew the following spells:

 Your Spells              Type           Power        Failure   Level  Hunger
a - Beastly Appendage     Tmut           #.....       9%          1    ##.....
b - Blade Hands           Tmut           #.........   94%         5    ######.

Your spell library contained the following spells:

 Spells                   Type           Power        Failure   Level  Hunger
 Sticks to Snakes         Tmut           #.......     13%         2    ###....
 Spider Form              Tmut/Pois      #.........   45%         3    ####...
 Ice Form                 Ice/Tmut       #.......     86%         4    #####..


Dungeon Overview and Level Annotations

Branches:
Dungeon (4/15)
 Temple: D:4-7

Altars:
Makhleb
Trog
Vehumet
Yredelemnul

Annotations:
D:4 Duvessa


Innate Abilities, Weirdness & Mutations

You are too large for most types of armour.
You have claws for hands.
Your metabolism is lightning-fast.
You like to eat raw meat.
Your natural rate of healing is unusually fast.
You are covered in fur. (AC +1)
You have extremely tough skin. (AC +3)


Message History

Duvessa is moderately wounded.
Your transformation is almost over.
Duvessa closely misses you.
You scratch Duvessa.
Duvessa is moderately wounded.
Duvessa hits you with a cursed +0 short sword!
Duvessa hits you with a cursed +0 short sword.
You barely miss Duvessa.
Duvessa is moderately wounded.
Duvessa barely misses you.
Unknown command.
Duvessa hits you with a cursed +0 short sword!
* * * LOW HITPOINT WARNING * * *
You see here an adder skeleton.
Duvessa completely misses you.
Found a potion of flight.
Duvessa closely misses you.
Your horns disappear.
Duvessa hits you with a cursed +0 short sword!
You die...

#.......#.. ###.
#........?# ###...
#.........###...#######
#.......#.#.......!....
#...#)....#..........
##....[.รท.............
#....####.............
#....#<....###..........
#... #..##.# #.e@.......
#.. #..##. #..........
## #.[...>.....$......
#.#..##............
#.##..###.......... #.#
#.# ........... ..#
...#....^....#
##..........#


You could see Duvessa (berserk).

Vanquished Creatures
  4 big kobolds (D:3)
  Dowan (D:4)
  A crimson imp (D:2)
  Ijyb (D:3)
  Robin (D:3)
  2 gnolls (D:3)
  5 adders
  2 oozes
  3 dart slugs
  2 leopard geckos (D:1)
  5 orcs (D:3)
  6 giant cockroaches
  13 goblins
  12 hobgoblins
  A quokka (D:2)
  4 bats
  4 frilled lizards
  44 kobolds
  9 rats
120 creatures vanquished.

Vanquished Creatures (others)
  A goblin (D:3)
1 creature vanquished.

Grand Total: 121 creatures vanquished

Notes
Turn   | Place    | Note
-------+----------+-------------------------------------------
     0 | D:1      | Emblim88 the Troll Transmuter began the quest for the Orb.
     0 | D:1      | Reached XP level 1. HP: 18/18 MP: 1/1
   132 | D:1      | Reached skill level 1 in Fighting
   158 | D:1      | Reached XP level 2. HP: 27/27 MP: 2/2
   727 | D:2      | Found a basalt altar of Yredelemnul.
   732 | D:2      | Found a bloodstained altar of Trog.
   743 | D:2      | Reached XP level 3. HP: 33/33 MP: 3/3
   989 | D:2      | Found a burning altar of Makhleb.
  1004 | D:2      | Reached XP level 4. HP: 42/42 MP: 4/4
  1006 | D:2      | Became a worshipper of Makhleb the Destroyer
  1043 | D:2      | Found a radiant altar of Vehumet.
  1401 | D:3      | Reached * piety under Makhleb
  1429 | D:3      | Noticed a big kobold
  1438 | D:3      | Killed a big kobold
  1438 | D:3      | Reached XP level 5. HP: 41/49 MP: 3/5
  1458 | D:3      | Reached skill level 1 in Invocations
  1467 | D:3      | Reached XP level 6. HP: 48/59 MP: 6/6
  1671 | D:3      | Reached ** piety under Makhleb
  1882 | D:3      | Identified the cursed +0 helmet of the Bruised Yaks {rF++}
  1882 | D:3      | Noticed Robin
  1884 | D:3      | Noticed Ijyb
  1888 | D:3      | Killed Robin
  1906 | D:3      | Killed Ijyb
  2188 | D:3      | Learned a level 5 spell: Blade Hands
  2229 | D:3      | Reached XP level 7. HP: 66/66 MP: 7/7
  2627 | D:4      | Noticed Duvessa
  2627 | D:4      | Noticed Dowan
  2636 | D:4      | Killed Dowan
  2646 | D:4      | Slain by Duvessa

Levels and vault maps discovered:
D:1:      dpeg_arrival_another_circle, layout_rooms
D:2:      layout_loops_ring, lemuel_crystal_altar, makhleb_grotto_becter,
          grunt_temple_overflow_open, minmay_misc_feat_more_columns
D:3:      minmay_goblin_kobold_castle, layout_loops_cross, uniq_ijyb, uniq_robin
D:4:      layout_rooms, first_ration, grunt_ministairs_10, uniq_duvessa,
          uniq_crazy_yiuf_cottage

Skill      XL: |  1  2  3  4  5  6  7 |
---------------+----------------------+-----
Fighting       | 1 2 |  2.9
Transmutations | 2 3 4 |  4.0
Unarmed Combat | 4 |  4.5
Invocations    | 1 2 |  2.1
Throwing       | |  0.3
Dodging        | |  1.5
Spellcasting   | |  1.2
Evocations     | |  0.1

Action                   |  1- 3 |  4- 6 |  7- 9 || total
-------------------------+-------+-------+-------++-------
Melee: Unarmed           |    90 |   204 |    21 ||   315
       Headbutt          |       |     3 |       ||     3
       Punch             |       |     2 |       ||     2
       Kick              |       |     5 |       ||     5
 Cast: Beastly Appendage |       |     4 |     1 ||     5
  Use: Scroll            |       |       |     5 ||     5
  Eat: Chunk             |    15 |    11 |     4 ||    30
Armor: Robe              |    28 |    69 |     5 ||   102
Dodge: Dodged            |    43 |   103 |    17 ||   163

Table legend:
 A = Non-vault XP
 B = Vault XP
 C = Vault XP percentage of total XP
 D = Non-vault monster count
 E = Vault monster count
 F = Vault count percentage of total count
                 A         B        C        D         E       F
            +---------+---------+-------+---------+---------+-------
      Total |     178 |     655 |  78.6 |      61 |      59 |  49.2
            +---------+---------+-------+---------+---------+-------
        D:1 |      34 |       0 |   0.0 |      19 |       0 |   0.0
        D:2 |      38 |      50 |  56.8 |      19 |       1 |   5.0
        D:3 |      93 |     538 |  85.3 |      22 |      57 |  72.2
        D:4 |      13 |      67 |  83.8 |       1 |       1 |  50.0
            +---------+---------+-------+---------+---------+-------
